 Dungeon Crawl Stone Soup version 0.30-a0-719-gcc4359ea44 (webtiles) character file.

Game seed: 14719543078978197830

8065 OTABOTABOTAB the Summoner (level 11, -9/77 HPs)
             Began as an Octopode Summoner on Jan 27, 2023.
             Was an Initiate of Gozag.
             Mangled by a sun demon (11 damage)
             ... summoned by a kobold demonologist
             ... on level 10 of the Dungeon.
             The game lasted 00:28:30 (12125 turns).

OTABOTABOTAB the Summoner (Octopode Summoner)      Turns: 12125, Time: 00:28:30

Health: -9/77      AC:  1    Str:  7    XL:     11   Next: 25%
Magic:  15/23      EV: 16    Int: 18    God:    Gozag
Gold:   1201       SH:  0    Dex: 14    Spells: 13/26 levels left

rFire   . . .      SeeInvis +    u - +11 sling of Luxury {freeze, +Blink rC+++ rCorr Int-3}
rCold   + + +      Faith    .    (no shield)
rNeg    + . .      Spirit   .    (helmet restricted)
rPois   .          Reflect  .    k - amulet of magic regeneration
rElec   .          Harm     .    b - ring of positive energy {rN+}
rCorr   +          Rampage  .    h - ring of flight {+Fly, !d}
Will    .....                    V - ring of see invisible {sInv, !d}
Stlth   +++                      (no ring)
HPRegen 0.32/turn                (no ring)
MPRegen 0.58/turn                (no ring)
                                 (no ring)
                                 (no ring)

@: flying
A: almost no armour, amphibious, 8 rings, camouflage 1, gelatinous body 1,
(nimble swimmer 1), tentacles
a: Renounce Religion, Evoke Blink, Potion Petition, Call Merchant, Bribe Branch


You were on level 10 of the Dungeon.
You worshipped Gozag.
Gozag was most pleased with you.
You visited 2 branches of the dungeon, and saw 11 of its levels.

You collected 1396 gold pieces.
You spent 90 gold pieces at shops.
You paid 105 gold pieces to Gozag.

Inventory:

Hand Weapons
 u - the +11 sling of Luxury (weapon) {freeze, +Blink rC+++ rCorr Int-3}
   (You found it on level 4 of the Dungeon)

   Int:       It affects your intelligence (-3).
   rC:        It renders you almost immune to cold.
   +Blink:    It lets you blink.
   rCorr:     It protects you from acid and corrosion.
Missiles
 e - 2 boomerangs
 m - 11 poisoned darts
 s - 118 stones
Jewellery
 b - a ring of positive energy (left tentacle) {rN+}
   (You found it on level 2 of the Dungeon)
 f - a ring of fire {rF+, rC-}
   (You found it on level 6 of the Dungeon)
 h - a ring of flight (right tentacle) {+Fly, !d}
   (You found it on level 2 of the Dungeon)
 k - an amulet of magic regeneration (around mantle)
   (You found it on level 6 of the Dungeon)
 V - a ring of see invisible (on tentacle) {sInv, !d}
   (You found it on level 4 of the Dungeon)
Wands
 d - a wand of digging (6)
   (You found it on level 8 of the Dungeon)
 i - a wand of iceblast (4)
   (You found it on level 7 of the Dungeon)
 j - a wand of polymorph (13)
   (You found it on level 8 of the Dungeon)
 q - a wand of flame (36)
   (You found it on level 8 of the Dungeon)
 y - a wand of light (7)
   (You found it on level 8 of the Dungeon)
Scrolls
 c - 2 scrolls of amnesia
 g - 6 scrolls of fog
 n - 2 scrolls of enchant weapon {unknown}
 o - a scroll of noise {unknown}
 p - 3 scrolls of identify {@r1}
 v - a scroll of butterflies {unknown}
 E - a scroll of fear
 O - a scroll of silence
 X - 2 scrolls of magic mapping {@r4!r}
 Y - 5 scrolls of teleportation {@r3}
Potions
 a - 2 potions of haste {unknown}
 l - 2 potions of invisibility {unknown}
 w - a potion of attraction {!q}
 x - a potion of lignification {unknown}
 z - a potion of degeneration {unknown}
 J - 10 potions of curing {@q1}
 L - a potion of flight
 M - 2 potions of magic
 U - 4 potions of mutation {!q}


   Skills:
 + Level 7.9 Fighting
 + Level 8.2 Dodging
 - Level 2.6 Stealth
 + Level 8.0 Spellcasting
 - Level 5.0 Hexes
 + Level 9.4 Summonings


You had 13 spell levels left.
You knew the following spells:

 Your Spells              Type           Power      Damage    Failure   Level
a - Summon Small Mammal   Summ           100%       N/A       1%          1
b - Call Canine Familiar  Summ           41%        N/A       1%          3
c - Call Imp              Summ           41%        N/A       1%          2
d - Summon Guardian Gole  Hex/Summ       33%        N/A       1%          3
e - Summon Lightning Spi  Summ/Air       24%        N/A       14%         4

Your spell library contained the following spells:

 Spells                   Type           Power      Damage    Failure   Level
 Tukima's Dance           Hex            25%        N/A       3%          3
 Inner Flame              Hex/Fire       16%        N/A       11%         3
 Summon Forest            Summ/Tloc      12%        N/A       36%         5
 Flame Wave               Conj/Fire      7%         2d5       67%         4
 Passage of Golubria      Tloc           7%         N/A       67%         4
 Sticky Flame             Conj/Fire      7%         2d3       67%         4
 Yara's Violent Unravell  Hex/Tmut       8%         3d5       67%         5
 Summon Hydra             Summ           20%        N/A       86%         7
 Eringya's Noxious Bog    Tmut/Pois      3%         N/A       100%        6


Dungeon Overview and Level Annotations

Branches:
Dungeon (10/15)            Temple (1/1) D:6            Lair (0/5) D:10
    Orc (0/2) D:9

Altars:
Ashenzari
Gozag
Hepliaklqana
Uskayaw
Vehumet
Zin
The Shining One

Shops:
D:4 !*   D:6 *   D:8 [


Innate Abilities, Weirdness & Mutations

You cannot wear most types of armour.
You are amphibious.
You can wear up to eight rings at the same time.
Your skin changes colour to match your surroundings (Stealth+).
Your rubbery body absorbs attacks. (AC +1, EV +1)
((You are camouflaged when in or above water. (Stealth+)))
You have tentacles for arms and can constrict up to eight enemies at once.


Message History

The ufetubus hits your crimson imp.
Your hound bites the kobold demonologist.
The ufetubus closely misses your crimson imp.
The ufetubus barely misses your crimson imp.
The kobold demonologist hits your rat with a +0 dagger.
Your rat dies!
Your rat's corpse disappears in a puff of smoke!
The white imp misses you.
Your crimson imp hits the ufetubus.
The shadow imp hits you.
Your magical contamination has completely faded away.
You take 6 damage, and have 26/77 hp.
Your hound closely misses the kobold demonologist.
The ufetubus barely misses your crimson imp.
The ufetubus completely misses your crimson imp.
The white imp barely misses you.
The ufetubus closely misses your crimson imp.
The ufetubus hits your crimson imp. The shadow imp barely misses you.
Your hound misses the kobold demonologist.
Your crimson imp misses the ufetubus.
A guardian golem appears, shielding your allies.
Your hound closely misses the kobold demonologist.
The ufetubus closely misses your crimson imp.
The ufetubus barely misses your crimson imp.
The kobold demonologist completely misses your hound.
The shadow imp closely misses you. The white imp gestures at you.
The puff of frost misses you.
Your crimson imp closely misses the ufetubus.
You now have 17/23 mp.
Unknown command.
The white imp attacks as you move away! The white imp closely misses you.
Your hound misses the kobold demonologist.
The ufetubus hits your crimson imp but does no damage.
The ufetubus barely misses your crimson imp.
The kobold demonologist barely misses your hound.
The shadow imp hits you.
The ufetubus barely misses your crimson imp.
The ufetubus closely misses your crimson imp.
Your crimson imp misses the ufetubus.
Your hound closely misses the kobold demonologist.
You take 3 damage, and have 24/77 hp.
Your hound barely misses the kobold demonologist.
The ufetubus closely misses your crimson imp.
The ufetubus misses your crimson imp.
The kobold throws a stone.
The stone closely misses your crimson imp.
The stone closely misses the shadow imp.
The stone hits you. The kobold closely misses your hound.
The shadow imp gestures at you. Pain shoots through your body!
* * * LOW HITPOINT WARNING * * *
The white imp gestures at you. The puff of frost hits you. You resist.
* * * LOW HITPOINT WARNING * * *
Your crimson imp hits the ufetubus but does no damage.
You take 2 damage, and have 22/77 hp.
Your hound bites the kobold demonologist but does no damage.
The ufetubus completely misses your crimson imp.
The ufetubus barely misses your crimson imp.
The kobold throws a stone.
The stone hits your crimson imp.
The kobold demonologist casts a spell.
Your hound barely misses the kobold demonologist.
Your crimson imp hits the ufetubus.
The shadow imp hits your guardian golem but does no damage.
The white imp gestures at you.
The puff of frost hits your guardian golem.
Your guardian golem resists.
The ufetubus closely misses your crimson imp.
The ufetubus hits your crimson imp.
An electric hum fills the air.
Your hound barely misses the kobold demonologist.
The ufetubus hits your crimson imp. x2
The kobold completely misses your crimson imp.
The kobold barely misses your crimson imp.
The kobold demonologist misses your hound.
The shadow imp completely misses your guardian golem.
The chaos spawn hits your hound!
Your crimson imp misses the ufetubus.
The white imp hits your guardian golem but does no damage.
You now have 16/23 mp.
Your hound bites the kobold demonologist.
The ufetubus closely misses your crimson imp. x2
The kobold closely misses your crimson imp.
The kobold demonologist mumbles some strange words.
The white imp barely misses your guardian golem.
The shadow imp hits your guardian golem but does no damage.
Your crimson imp hits the ufetubus.
The ufetubus dies!
The ufetubus disappears in a puff of smoke!
Your hound bites the kobold demonologist but does no damage.
You now have 15/23 mp.
Your hound bites the kobold demonologist.
The kobold barely misses your crimson imp.
The kobold throws a stone.
The stone barely misses your crimson imp.
The stone hits the shadow imp but does no damage.
The kobold demonologist barely misses your hound.
The sun demon hits you!!
* * * LOW HITPOINT WARNING * * *
You are engulfed in flames!
You die...
Your body crumbles into a pile of gold.

#.# #.##.##### .. #.# #.#
#.##.....# .###§# #.####.......##
#.##.# #...........## $ #.#.#.
#..###..##### $ ##K.### #..###<.#
############# ##K##.#. #..#....#
#...8r.rKh#.###K.##..# ...#.##.#
#.....35K4.#§4K#.##.##
##.#.##.####....@955K###3##......
#.#.##......##...#.## #.##[.###.
#.#.##..####.#....## ##.##..# #.
#.#.##..#####....#####.#.##.###.
##......?.............##..##.....
.........###.##.^####.###.####.##
######.### #. ##.# #.# #.# #.#
#.# # #.# ##.###.# #.# #.#
#.###...##.####.##


You could see a sun demon (summoned, ally target), a kobold demonologist
(distracted, ally target), a chaos spawn (summoned), a white imp (summoned, ally
target), a shadow imp (summoned, ally target), 2 kobolds, a friendly guardian
golem (summoned), a friendly lightning spire (summoned, sheltered), a friendly
hound (summoned, sheltered), a friendly crimson imp (summoned, sheltered) and 2
friendly quokkas.

Vanquished Creatures
  Maggie (D:8)
  2 trolls (D:10)
  A polar bear (D:9)
  A water moccasin (D:7)
  An orc warrior (D:9)
  4 sky beasts
  2 centaurs
  A phantom (D:5)
  2 kobold brigands (D:10)
  A gnoll sergeant (D:8)
  2 necrophages (D:5)
  A scorpion (D:5)
  6 wights (D:7)
  A killer bee (D:9)
  2 howler monkeys
  2 jellies
  2 orc priests
  2 hounds (D:6)
  3 iguanas
  4 orc wizards
  5 gnolls
  2 adders (D:5)
  A shadow imp (D:6)
  6 orcs
  2 ball pythons
  An endoplasm (D:2)
  3 giant cockroaches
  6 hobgoblins
  2 quokkas
  A bat (D:2)
  2 frilled lizards
  3 kobolds
75 creatures vanquished.

Vanquished Creatures (collateral kills)
  Maurice (D:8)
  A polar bear (D:9)
  A shadow (D:9)
  Menkaure (D:7)
  3 water moccasins
  2 orc warriors (D:9)
  2 ice beasts
  4 centaurs
  A phantom (D:6)
  A bullfrog (D:6)
  A scorpion (D:6)
  2 necrophages
  10 wights (D:8)
  5 killer bees (D:9)
  3 hounds
  6 orc priests
  2 iguanas
  4 orc wizards
  A centaur simulacrum (D:9)
  9 gnolls
  6 adders
  An ufetubus (D:3)
  A worm (D:2)
  3 dart slugs
  21 orcs
  2 ball pythons (D:3)
  3 endoplasms
  2 giant cockroaches
  A goblin (D:4)
  5 hobgoblins
  3 jackals (D:4)
  5 kobolds
  3 quokkas
  9 bats
  2 frilled lizards (D:1)
  A rat (D:1)
128 creatures vanquished.

Vanquished Creatures (others)
  Pikel (D:8)
  A wyvern (D:10)
  Grum (D:8)
  A water moccasin (D:7)
  3 orc warriors
  2 wolves (D:8)
  A gnoll sergeant (D:8)
  A necrophage (D:7)
  A wight (D:7)
  3 killer bees (D:9)
  4 gnolls
  A kobold (D:10)
  A plant (D:6)
21 creatures vanquished.

Grand Total: 224 creatures vanquished

Notes
Turn   | Place    | Note
-------+----------+-------------------------------------------
     0 | D:1      | OTABOTABOTAB the Octopode Summoner began the quest for the
                  | Orb.
     0 | D:1      | Reached XP level 1. HP: 11/11 MP: 3/3
    98 | D:1      | Reached XP level 2. HP: 17/17 MP: 5/5
   101 | D:1      | Learned a level 2 spell: Call Imp
   709 | D:1      | Reached XP level 3. HP: 17/21 MP: 1/6
   713 | D:1      | Learned a level 3 spell: Call Canine Familiar
  1321 | D:2      | Found a faded altar of an unknown god.
  1588 | D:2      | Reached skill level 3 in Spellcasting
  1752 | D:2      | Reached XP level 4. HP: 27/27 MP: 8/8
  1768 | D:2      | Learned a level 3 spell: Summon Guardian Golem
  2300 | D:3      | Reached skill level 5 in Summonings
  2300 | D:3      | Reached XP level 5. HP: 28/32 MP: 4/9
  2344 | D:3      | Reached skill level 1 in Fighting
  2359 | D:3      | Reached skill level 1 in Hexes
  3211 | D:4      | Reached XP level 6. HP: 38/38 MP: 11/11
  3215 | D:4      | Found Ipeurgh's Distillery.
  3252 | D:4      | Noticed an ice beast
  3269 | D:4      | Killed an ice beast
  3364 | D:4      | Found a glowing golden altar of the Shining One.
  3425 | D:4      | Reached skill level 3 in Dodging
  3425 | D:4      | Reached skill level 2 in Hexes
  3511 | D:4      | Reached skill level 2 in Fighting
  3682 | D:4      | Identified the +11 sling of Luxury {freeze, +Blink rC+++
                  | rCorr Int-3}
  3992 | D:4      | Found Fubononi's Assorted Antiques.
  4246 | D:5      | Entered Level 5 of the Dungeon
  4256 | D:5      | Reached XP level 7. HP: 45/45 MP: 12/12
  4447 | D:5      | Reached skill level 4 in Spellcasting
  4616 | D:5      | Found a broken altar of Ashenzari.
  4922 | D:5      | Reached skill level 3 in Hexes
  4933 | D:5      | Reached skill level 3 in Fighting
  4980 | D:5      | Identified the +0 ring mail of Xuirr {Will+ Str+2 Dex+3}
  5236 | D:5      | Reached skill level 6 in Summonings
  5236 | D:5      | Reached XP level 8. HP: 52/52 MP: 8/14
  5393 | D:6      | Found Kajuhus's Assorted Antiques.
  5400 | D:6      | Reached skill level 4 in Dodging
  5866 | D:6      | Found a staircase to the Ecumenical Temple.
  5889 | Temple   | Entered the Ecumenical Temple
  6021 | Temple   | Became a worshipper of Gozag Ym Sagoz the Greedy
  6052 | D:6      | Found a faded altar of an unknown god.
  6052 | D:6      | Found a faded altar of an unknown god.
  6076 | D:6      | Found a hazy altar of Hepliaklqana.
  6121 | D:6      | Reached skill level 4 in Fighting
  6121 | D:6      | Reached skill level 5 in Spellcasting
  6121 | D:6      | Reached skill level 4 in Hexes
  6602 | D:6      | Learned a level 4 spell: Summon Lightning Spire
  6649 | D:7      | Reached XP level 9. HP: 31/59 MP: 6/16
  6670 | D:7      | Identified the +4 plate armour of the Loofah {Drain rPois
                  | rF+ Str+4}
  6798 | D:7      | Reached skill level 5 in Dodging
  6919 | D:7      | Reached skill level 7 in Summonings
  7032 | D:7      | Reached skill level 5 in Fighting
  7032 | D:7      | Reached skill level 5 in Hexes
  7316 | D:7      | Reached skill level 6 in Spellcasting
  7467 | D:7      | Reached skill level 6 in Dodging
  7495 | D:7      | Noticed Menkaure
  7509 | D:7      | Killed Menkaure
  8374 | D:8      | Noticed Maggie
  8390 | D:8      | Killed Maggie
  8391 | D:8      | Reached skill level 6 in Fighting
  8391 | D:8      | Reached XP level 10. HP: 68/68 MP: 14/19
  8445 | D:8      | HP: 17/68 [gnoll/+0 club[a gnoll sergeant] (6)]
  8450 | D:8      | HP: 9/68 [gnoll sergeant/+0 trident (10)]
  8467 | D:8      | HP: 10/68 [gnoll/+0 spear[a gnoll sergeant] (4)]
  8476 | D:8      | Reached skill level 8 in Summonings
  8822 | D:8      | Noticed Grum
  8835 | D:8      | Killed Grum
  8882 | D:8      | Noticed Pikel
  8884 | D:8      | Paralysed by Pikel for 5 turns
  8902 | D:8      | Killed Pikel
  8906 | D:8      | Reached skill level 7 in Dodging
  8914 | D:8      | Reached skill level 7 in Spellcasting
  9111 | D:8      | Found Duir's Antique Armour Boutique.
  9290 | D:8      | HP: 14/69 [wight/+2 spear of freezing (6)]
  9312 | D:8      | Noticed Maurice
  9889 | D:8      | Killed Maurice
  9890 | D:8      | Reached skill level 7 in Fighting
 10285 | D:9      | HP: 17/71 [poisoned by a water moccasin]
 10285 | D:9      | HP: 2/71 [water moccasin (9)]
 10290 | D:9      | HP: 15/71 [poisoned by a water moccasin]
 10295 | D:9      | HP: 10/71 [poisoned by a water moccasin]
 10585 | D:9      | Reached skill level 9 in Summonings
 10709 | D:9      | Found a glowing silver altar of Zin.
 10710 | D:9      | Found Zin's Purification Station.
 10736 | D:9      | Reached XP level 11. HP: 67/75 MP: 19/22
 10815 | D:9      | Bought a potion of curing for 90 gold pieces
 11021 | D:9      | Reached skill level 8 in Dodging
 11201 | D:9      | Found a staircase to the Orcish Mines.
 11216 | D:9      | Found a radiant altar of Vehumet.
 11807 | D:10     | Entered Level 10 of the Dungeon
 11962 | D:10     | Found a staircase to the Lair.
 12080 | D:10     | Reached skill level 8 in Spellcasting
 12125 | D:10     | Noticed a sun demon
 12125 | D:10     | HP: 2/77 [sun demon[a kobold demonologist] (21)]
 12125 | D:10     | Mangled by a sun demon

Illustrated notes

Levels and vault maps discovered:
D:1:      ebering_trefoil_twist, layout_basic, palyth_stone_intersect
D:2:      layout_loops_ring, dilly_ecumenical_altar_fadedgnrine,
          minmay_heptomino_d4
D:3:      layout_rooms, dreamdust_princess_corridor
D:4:      layout_loops_ring, nicolae_overflow_crystal_walls, serial_shops,
          shop_statue, nicolae_stop_n_shop_2
D:5:      layout_gridville, ashenzari_altar_1
D:6:      layout_basic, nicolae_hepliaklqana_ecumenical_no_more,
          minmay_temple_entry_junction, serial_shops, nicolae_stop_n_shop_2,
          kennysheep_cross_bottleneck, minmay_door_square
D:7:      layout_loops_ring, dreamdust_wishing_well, serial_park_tiny_1,
          lemuel_flamethrower_2, uniq_menkaure
D:8:      layout_layer_cave, serial_shops, nicolae_shop_advertising_works
          [nicolae_subvault_shop_adworks], serial_glass, glass_columns_c,
          glass_columns_b, hangedman_abyss_or_decor_lesser_grid,
          chequers_hall_statues_wall_a, uniq_pikel, uniq_grum, uniq_maurice,
          uniq_maggie
D:9:      layout_layer_cave, vehumet_crystals, zin_purify, david_orc_3,
          serial_ice, serial_ice_o, serial_ice_n, serial_ice_m, serial_ice_h
D:10:     minmay_chambers_of_sevens, layout_loops_ring,
          chequers_guarded_unrand_ignorance, uniq_erolcha
Temple:   minmay_crystal_spiral_temple

Skill      XL: |  1  2  3  4  5  6  7  8  9 10 11 |
---------------+----------------------------------+-----
Spellcasting   | 3 4 5 6 7 8 |  8.0
Summonings     | 5 6 7 9 |  9.4
Fighting       | 1 2 3 4 6 7 |  7.9
Hexes          | 1 2 3 4 5 |  5.0
Dodging        | 3 4 6 7 8 |  8.2
Stealth        | |  2.6

Action                     |  1- 3 |  4- 6 |  7- 9 | 10-12 || total
---------------------------+-------+-------+-------+-------++-------
  Melee: Short sword       |       |     7 |       |       ||     7
         Constrict         |       |     1 |       |       ||     1
         Unarmed           |       |       |       |     7 ||     7
   Fire: Sling             |    35 |    43 |   124 |    64 ||   266
  Throw: Dart              |       |     6 |       |       ||     6
   Cast: Summon Small Mamm |    23 |    19 |    33 |    23 ||    98
         Call Imp          |     8 |     9 |    20 |    12 ||    49
         Call Canine Famil |     8 |    19 |    44 |    20 ||    91
         Summon Guardian G |       |       |    14 |    35 ||    49
         Summon Lightning  |       |       |     1 |    19 ||    20
  Evoke: Wand              |       |       |       |     2 ||     2
    Use: Scroll            |     7 |     7 |     1 |     2 ||    17
         Potion            |       |       |       |     3 ||     3
 Armour: Skin              |    14 |     2 |     4 |     4 ||    24
  Dodge: Dodged            |    54 |    38 |    43 |   124 ||   259

Table legend: (Time is in decaauts)
 A = Elapsed time spent in this place.
 B = Non-inter-level travel time spent in this place.
 C = Inter-level travel time spent in this place.
 D = Time resting spent in this place.
 E = Time spent auto-exploring this place.
 F = Levels seen in this place.
 G = Mean time per level.
                   A        B        C        D        E       F      G
               +--------+--------+--------+--------+--------+-----+--------+
         Total |  12223 |  11867 |    356 |    755 |   8862 |  11 | 1111.2 |
       Dungeon |  12083 |  11733 |    350 |    755 |   8734 |  10 | 1208.3 |
        Temple |    139 |    133 |      6 |      0 |    128 |   1 |  139.0 |
               +--------+--------+--------+--------+--------+-----+--------+

Top non-repeatable levels by time:
     D:8: 2073 daAuts
     D:7: 1591 daAuts
     D:9: 1547 daAuts
     D:4: 1335 daAuts
     D:2: 1167 daAuts
     D:6: 1110 daAuts
     D:5: 1064 daAuts
     D:1: 1026 daAuts
     D:3: 838 daAuts
    D:10: 329 daAuts
  Temple: 139 daAuts

Table legend:
 A = Kills in this place as a percentage of kills in entire the game.
 B = Kills by you in this place as a percentage of kills by you in the entire game.
 C = Kills by friends in this place as a percentage of kills by friends in the entire game.
 D = Other kills in this place as a percentage of other kills in the entire game.
 E = Experience gained in this place as a percentage of experience gained in the entire game.
 F = Experience gained in this place divided by the number of levels of this place that you have seen.
                   A       B       C       D       E      F
               +-------+-------+-------+-------+-------+----------------------
         Total | 100.0 | 100.0 | 100.0 | 100.0 | 100.0 | 1047.5
       Dungeon | 100.0 | 100.0 | 100.0 | 100.0 | 100.0 | 1152.2
               +-------+-------+-------+-------+-------+----------------------
